Cogmind - Beta 17.1 @@@ ROGUE MODE // 2026.09.13 @ 14:29:28 Player: UnderDoug Result: Destroyed by as-32266 with Assembled Heavy Rifle Performance ------------- Evolutions (0) 0 Regions Visited (2) 400 Robots Destroyed (24) 120 Value Destroyed (393) 393 Prototype IDs (0) 0 Alien Tech Used (0) 0 Bonus (0) 0 TOTAL SCORE: 913 Bonus ------- None Cogmind --------- Core Integrity 0/250 Matter 264/300 Energy 32/100 System Corruption 0% Temperature Cool (0) Movement Walking (120) Location -10/Mines Parts ------- > --- POWER (1) -------- (None) > --- PROPULSION (2) --- Aluminum Leg Aluminum Leg > --- UTILITY (2) ------ Small Storage Unit Improved Terrain Scanner > --- WEAPON (2) ------- Light Assault Rifle > --- INVENTORY (8) ---- Small Matter Pod (50) Hacking Suite Mining Laser Peak State ------------ > --- POWER ------------ Light Ion Engine > --- PROPULSION ------- Aluminum Leg Aluminum Leg > --- UTILITY ---------- Small Storage Unit Improved Terrain Scanner > --- WEAPON ----------- Light Assault Rifle Grenade Launcher > --- INVENTORY -------- Light Ion Engine Light Ion Engine Hover Unit Hover Unit Hover Unit Small Matter Pod Hacking Suite Mining Laser [Rating: 10] Favorites ----------- Power Light Ion Engine Engine Light Ion Engine Propulsion Aluminum Leg Treads Light Treads Leg Aluminum Leg Hover Unit Hover Unit Utility Small Storage Unit Device Improved Terrain Scanner Storage Small Storage Unit Weapon Assault Rifle Energy Gun EM Pulse Gun Ballistic Gun Assault Rifle Launcher Grenade Launcher Build | -11 -10 -10 ------- Run | Yrd Mat Min Slots Evolved . | . . . Power . | . . . Propulsion . | . . . Utility . | . . . Weapon . | . . . Parts Attached 24 | 8 11 5 Power 4 | 1 1 2 Engine 4 | 1 1 2 Core . | . . . Reactor . | . . . Propulsion 9 | 2 6 1 Treads 2 | . 2 . Leg 4 | 2 2 . Wheel . | . . . Hover 3 | . 2 1 Flight . | . . . Utility 3 | 2 1 . Device 2 | 1 1 . Storage 1 | 1 . . Processor . | . . . Hackware . | . . . Protection . | . . . Artifact . | . . . Weapon 8 | 3 3 2 Energy Gun 1 | 1 . . Energy Cannon . | . . . Ballistic Gun 6 | 2 2 2 Ballistic Cannon . | . . . Launcher 1 | . 1 . Special Weapon . | . . . Impact Weapon . | . . . Slashing Weapon . | . . . Piercing Weapon . | . . . Special Melee Weapon . | . . . Unidentified Prototypes . | . . . Parts Lost 9 | . 2 7 Power 2 | . . 2 Propulsion 3 | . . 3 Utility 1 | . 1 . Weapon 3 | . 1 2 Highest Loss Streak 7 | . 1 7 To Critical Strikes . | . . . Average Backups 7 | 5 7 7 Power 1 | . 1 1 Propulsion 2 | 3 2 2 Utility 1 | . 1 2 Weapon 2 | 1 3 1 Tool/Special . | . . . Unused Backups 9 | . 5 4 Power 2 | . 1 1 Propulsion 3 | . 3 . Utility 2 | . . 2 Weapon 2 | . 1 1 Tool/Special . | . . . Average Slot Usage (%) 99 | . 99 98 Engine 13 | . 14 13 Treads 7 | . 9 . Leg 14 | . 17 . Hover 5 | . 1 27 Device 13 | . 13 14 Storage 14 | . 14 14 Ballistic Gun 20 | . 21 14 Launcher 7 | . 6 13 Peak Build Rating 10 | 8 10 10 Average Rating 8 | 5 8 9 On Entrance 6 | . 8 10 Avg Prop Armor Cover (%) . | . . . Naked Turns . | . . . Heaviest Build 14 | 13 14 13 Greatest Support 40 | 20 40 20 Greatest Overweight (x) 3 | 3 1 2 Average Overweight (x) . | . . 1 Largest Inventory Capacity 8 | 8 8 8 Average Capacity 7 | 7 8 8 Most Carried 8 | 8 8 8 Average Carried 7 | 5 7 7 Final Capacity 8 | 8 8 8 Final Carried 8 | 8 8 3 Class Distribution -------------------- 90% | Mutant 9% | Scavenger-Mutant Dominant Class ---------------- Mutant | -10/Materials Scavenger-Mutant | -10/Mines Resources | -11 -10 -10 ----------- Run | Yrd Mat Min Matter Collected 853 | 324 451 78 Remotely . | . . . Salvage Created 503 | 107 357 39 Parts 48 | 6 37 5 Haulers Intercepted . | . . . Recyclers Shooed 1 | 1 . . Parts Field Recycled . | . . . Retrieved Matter . | . . . Parts Self-Destructed . | . . . Prevented . | . . . Parts Restored . | . . . Kills | -11 -10 -10 ------- Run | Yrd Mat Min Combat Hostiles Destroyed 19 | . 16 3 Guns 13 | . 10 3 AOE 6 | . 6 . Classes Destroyed 7 | 2 5 . Worker 1 | . 1 . Tunneler 2 | 2 . . Recycler 1 | 1 . . Operator 1 | . 1 . Swarmer 13 | . 10 3 Grunt 4 | . 4 . Subdweller 2 | . 2 . Best Kill Streak 4 | 2 4 3 Combat Bots Only 4 | . 4 3 Max Kills in Single Turn 2 | 1 2 1 Gunslinging . | . . . Exploded 2 | . 2 . Melee . | . . . Uniques/NPCs Destroyed . | . . . Combat | -11 -10 -10 -------- Run | Yrd Mat Min Hostile Shots Fired 124 | . 53 71 Missed 35 | . 18 17 Hits 89 | . 35 54 Melee 1 | . . 1 Projectile 88 | . 35 53 AOE 5 | . . 5 Critical Strikes 1 | . 1 . Part Disruptions 1 | . . 1 Damage Taken 1174 | . 475 699 Core 264 | . 99 165 Absorbed by Shields . | . . . Core Remaining (%) 100 | 100 . . Volleys Fired 65 | 10 41 14 Largest 2 | 2 2 1 Hottest 50 | 40 50 20 Shots Fired 108 | 20 74 14 Gun 94 | 20 60 14 Cannon . | . . . Launcher 14 | . 14 . Special . | . . . Kinetic 94 | 20 60 14 Thermal . | . . . Explosive 14 | . 14 . Electromagnetic . | . . . Robot Hit Streak 10 | 3 10 3 Robot Miss Streak 3 | 2 3 2 Penetration Max . | . . . Secondary Targets 2 | . 2 . Max Gunslinging Chain 1 | . 1 . Shots Hit Robots 55 | 9 37 9 Core Hits 35 | 4 27 4 Critical Kills . | . . . Critical Parts Destroyed . | . . . Critical Strikes . | . . . Melee Attacks . | . . . Impact . | . . . Slashing . | . . . Piercing . | . . . Sneak Attacks . | . . . Combat Hostiles . | . . . Follow-up Attacks . | . . . Damage Inflicted 994 | 104 805 85 Guns 627 | 104 442 81 Cannons . | . . . Explosions 363 | . 363 . Melee . | . . . Ramming 4 | . . 4 Kinetic 627 | 104 442 81 Thermal . | . . . Explosive 363 | . 363 . Electromagnetic . | . . . Impact . | . . . Slashing . | . . . Piercing . | . . . Highest Corruption . | . . . Average Corruption . | . . . Corruption Purged . | . . . Corruption Blocked . | . . . Overload Shots . | . . . Overflow Damage 2 | . 2 . Projectiles . | . . . Explosions 2 | . 2 . Melee . | . . . Knockbacks . | . . . Impact . | . . . Kinetic . | . . . Secondary . | . . . Self-Inflicted Damage 104 | . 103 1 Shots 5 | . 5 . Rammed 2 | . . 2 Targets Rammed 2 | . . 2 Kicked . | . . . Crushed . | . . . Highest Temperature 35 | . 5 35 Average Temperature 5 | . 5 5 Received Heat Transfer 78 | . 18 60 Siege Activations . | . . . Martial Activations . | . . . Shielding Activations . | . . . Robots Disrupted . | . . . Combat Hostiles . | . . . Robots Corrupted . | . . . Combat Hostiles . | . . . Parts Fried . | . . . Impact Corruptions . | . . . Robots Melted . | . . . Combat Hostiles . | . . . Parts Melted . | . . . Heat Transferred . | . . . Parts Sabotaged . | . . . Parts Stolen . | . . . Parts Stripped . | . . . Power Chain Reactions . | . . . Alert | -11 -10 -10 ------- Run | Yrd Mat Min Maximum Alert Level . | . . . Low Security (%) 100 | 100 100 100 Level 1 . | . . . Level 2 . | . . . Level 3 . | . . . Level 4 . | . . . Level 5 . | . . . High Security . | . . . Max Security . | . . . Peak Influence 141 | 10 141 99 Initial 34 | . . 34 Average 57 | 1 65 50 Influence Increases 626 | 15 496 115 Destroy 0b10 Robot/C 340 | . 280 60 Destroy 0b10 Robot/NC 25 | 15 10 . Destroy Leader 60 | . 50 10 Successful Hack 15 | . 15 . Disable Machine 15 | . 15 . Destroy Structure 96 | . 96 . Lose Combat Pursuer 75 | . 30 45 Influence Decreases 626 | 15 406 205 Entered New Map 56 | . . 56 Time Decay 531 | 15 396 120 Lost Part 39 | . 10 29 Squads Dispatched 3 | . 3 . Investigation 1 | . 1 . Extermination . | . . . Reinforcement 2 | . 2 . Assault . | . . . Garrison . | . . . Intercept . | . . . Searches Triggered . | . . . Construction Impeded . | . . . Haulers Reinforced . | . . . Active Scanning Responses . | . . . Cargo Convoy Interrupts . | . . . Stealth | -11 -10 -10 --------- Run | Yrd Mat Min Distress Signals . | . . . Communications Jammed . | . . . Distress Signals . | . . . Times Spotted 53 | . 25 28 Peak Tracking Total 19 | . 5 19 Tactical Retreats 4 | . 2 2 Traps | -11 -10 -10 ------- Run | Yrd Mat Min Traps Triggered 1 | . 1 . Indirectly . | . . . Trap Hack Attempts . | . . . Triggered . | . . . Disarmed . | . . . Reprogrammed . | . . . Reused . | . . . Traps Extracted . | . . . Installed . | . . . Triggered . | . . . Machines | -11 -10 -10 ---------- Run | Yrd Mat Min Machines Disabled 1 | . 1 . Max in Single Turn 1 | . 1 . Machines Repaired . | . . . Machines Dismantled . | . . . Machines Sabotaged . | . . . Overloaded Fab Kills . | . . . Hacking | -11 -10 -10 --------- Run | Yrd Mat Min Machines Accessed 6 | . 6 . Terminals 6 | . 6 . Fabricators . | . . . Repair Stations . | . . . Recycling Units . | . . . Scanalyzers . | . . . Garrison Access . | . . . Total Hacks 12 | . 12 . Successful 7 | . 7 . Failed 5 | . 5 . Catastrophic 1 | . 1 . Database Lockouts . | . . . Manual 12 | . 12 . Terminals 12 | . 12 . Fabricators . | . . . Repair Stations . | . . . Recycling Units . | . . . Scanalyzers . | . . . Garrison Access . | . . . Terminal Hacks 2 | . 2 . Robot Schematic 2 | . 2 . Fabricator Hacks . | . . . Repair Station Hacks . | . . . Recycling Unit Hacks . | . . . Scanalyzer . | . . . Garrison Access Hacks . | . . . Unauthorized Hacks 5 | . 5 . Terminals 5 | . 5 . Skim 5 | . 5 . Fabricators . | . . . Repair Stations . | . . . Recycling Units . | . . . Scanalyzers . | . . . Garrison Access . | . . . Data Cores Recovered . | . . . Used . | . . . Hacking Detections 6 | . 6 . Full Trace Events . | . . . Feedback Events . | . . . Feedback Blocked . | . . . Robot Schematics Acquired 2 | . 2 . Robots Built . | . . . Authchips . | . . . Time . | . . . Total Robot Build Rating . | . . . Part Schematics Acquired . | . . . Parts Built . | . . . Authchips . | . . . Time . | . . . Total Part Build Rating . | . . . Part Studies Acquired . | . . . Parts Repaired . | . . . Time . | . . . Parts Recycled . | . . . Recycled Matter . | . . . Retrieved Matter . | . . . Retrieved Components . | . . . Parts Scanalyzed . | . . . Part Schematics Acquired . | . . . Parts Damaged . | . . . Bothacking | -11 -10 -10 ------------ Run | Yrd Mat Min Used RIF Installer . | . . . Robots Hacked . | . . . Non-combat . | . . . Combat . | . . . Robot Hacks Applied . | . . . Relay Couplers Released . | . . . Fabnet Peak Effective % . | . . . Robots Rewired . | . . . Allies Hacked . | . . . Hacks Repelled . | . . . Allies | -11 -10 -10 -------- Run | Yrd Mat Min Total Allies . | . . . Largest Group . | . . . Highest-Rated Group . | . . . Highest-Rated Ally . | . . . Total Orders . | . . . Ally Attacks . | . . . Total Damage . | . . . Kills . | . . . Allies Corrupted . | . . . Allies Melted . | . . . Intel | -11 -10 -10 ------- Run | Yrd Mat Min Active Infowar (turns) 1362 | 25 1091 246 Terrain 1222 | . 976 246 Seismic 140 | 25 115 . Robot Analysis Total . | . . . Derelict Logs Recovered . | . . . Drone Launches . | . . . Drone Recoveries . | . . . Exploration | -11 -10 -10 ------------- Run | Yrd Mat Min Turns Passed 1497 | 140 1111 246 Spaces Moved 869 | 75 622 172 Core 8 | 7 . 1 Treads 137 | . 137 . Legs 524 | 68 454 2 Wheels . | . . . Hover 200 | . 31 169 Flight . | . . . Fastest Speed 50 | 50 116 116 Average Speed 125 | 121 128 116 Slowest Speed 200 | 200 190 180 Overloaded Moves . | . . . Propulsion Burnouts . | . . . Robots Hopped . | . . . Potential Cave-ins . | . . . Cave-ins Triggered . | . . . Exploration Rate (%) 51 | 4 98 51 Regions Visited 2 Branch Regions 1 Pre-discovered Areas 1 | . . 1 Known Exits Taken . | . . . Unknown Exits Taken 2 | 1 1 . Scrap Searched 1 | . . 1 Spaces Dug . | . . . Terrain Destroyed 120 | . 120 . Melee . | . . . Projectile . | . . . AOE 120 | . 120 . Terrain Rammed . | . . . Walls Destroyed . | . . . Machines Disabled . | . . . Actions | -11 -10 -10 --------- Run | Yrd Mat Min Total 1167 | 100 860 207 Wait 167 | . 159 8 Move 867 | 74 621 172 Hop . | . . . Pick Up 22 | 8 13 1 Fast Attach 9 | 7 2 . Attach 7 | . 2 5 Detach . | . . . Swap 12 | 1 9 2 Drop 16 | . 13 3 Fire 65 | 10 41 14 Melee . | . . . Ram 2 | . . 2 Kick . | . . . Crush . | . . . Escape Stasis . | . . . Rewire . | . . . Trap . | . . . Miscellaneous . | . . . Route ------- -11/Scrapyard -10/Materials (discovered 6 exits: *Mat x3 / [*Min x2] / [*Sub]) -10/Mines (discovered 1 exit: *Mat) History --------- Turn | Location | Event 12 | -11/Scrapyard | Discovered new exit (range 16) 141 | -11/Scrapyard | Entered Materials 246 | -10/Materials | Discovered new exit (range 14) 316 | -10/Materials | Build established: Mutant 497 | -10/Materials | Discovered new exit (range 6) 658 | -10/Materials | Discovered new exit (range 11) 741 | -10/Materials | Derelicts attacked the area 744 | -10/Materials | Loaded intel: 2 recycling unit locations 808 | -10/Materials | Learned 4 Recycling zone layouts 836 | -10/Materials | Discovered new exit (range 16) 908 | -10/Materials | Learned Materials emergency access door positions 942 | -10/Materials | Identified exit to Materials 988 | -10/Materials | Learned 4 Recycling zone layouts 995 | -10/Materials | Discovered new exit (range 8) 1045 | -10/Materials | Learned Materials emergency access door positions 1189 | -10/Materials | Discovered new exit (range 16) 1252 | -10/Materials | Entered Mines 1390 | -10/Mines | Learned location of Storage (-7) 1437 | -10/Mines | Discovered exit to Materials (range 8) 1463 | -10/Mines | Assembled infested the area 1468 | -10/Mines | Assisted by a Guerilla fighting off Assembled 1485 | -10/Mines | Core integrity fell below 50% 1490 | -10/Mines | Core integrity fell below 20% 1498 | -10/Mines | Destroyed by as-32266 with Assembled Heavy Rifle Last Messages --------------- as-88535 destroyed. S-10 Pest destroyed. Hover Unit destroyed. U-05 Engineer lays Concrete. U-05 Engineer destroyed. Lgt. Ion Engine destroyed. as-77121 destroyed. as-28163 destroyed. as-82954 destroyed. Lgt. Assault Rifle destroyed. U-05 Engineer builds a Wall. Knocked back. HV Slug penetrates D-53 Grenadier. D-53 Grenadier suffers critical hit (Destroy). D-53 Grenadier destroyed. as-06199 destroyed. as-50275 destroyed. as-89434 destroyed. as-93983 destroyed. as-43387 destroyed. Map ----- +----------------------------------------------------+ | ?????????????????????????????????????# """ #?? | | ???????????????????????????#???????#?# """ #?? | | ?????????????????????????????????????# ##? | | ?????????????????????????????????#??## #?? | | ???????????????????????????#????????## #?# | | ??????????????????????????????????#??# #?# | | ?????????????????????????###????????####### ###?? | | ????????????????????????## #????#????????# ##### | | ???????????????????????## ###?????####?#=[=* * | | ???????????????????????# ####### ### #### | | ???????????????????????# ## ## #### | | ????????????????????#????? s# ## ## | | ?????????????????????###?? ## # | | ????????????????????? ?# ### ### ##### | | ?????????????????????# ## #### #?### #???## | | ????????????? ##????## # ### #???# #????## | | ??????????????% ??## #?# #??## ##?#?## | | ???????????????# ?# ### #??# #??## | | ???????????????# ## ## #??# #### # | | ???????????????# ## #??## ## ## | | ???????????! ### a% ### #???## #? | | ?????????? % !##!#????## #? | | ?????????? a a !%u%#??#??## #? | | ?????????# % ###????#?## ##? | | ?????????# % =#????????## ##?? | | ????????? a @ #?????????### #?#? | | ????????? % % a ##???????????# #??? | | ????????? #??###??????## ##?? | | ?????????? ###%d ##???????????## ##? | | ?????????? < ?# ! ;#??#????????# #? | | ??????????? ??# %= %#???????#??## #? | | ??????????? ## ??## #?????????## #? | | ??????????? ??###????## #????????## ## | | ????????????## ???#??????## #????##### | | ??????????????????????#### #??#?# ! < ### | | ?????????????????????## % #????# !### ##?? | | ?????????????????????# ##???# #?## ##??? | | ????????????????????## ###?# ##?####???? | | ??????????????????### ### ###??????? | | ?????????????? ##?????? | | ?????????????? ## " ##????? | | ???????????????## ??## #?????? | | ????????????????###????# ### ##?????? | | ??????????????????????# "#?##########??????? | | ??????????????????????# *%%#?????????????????? | | ??????????????????????# = ??????????????????? | | ??????????????????????# %??????????????????? | | ??????????????????????# ???????????#??????? | | ??????????????????????# "?????? ???????????? | | ??????????????????????## ###??????????????????? | +----------------------------------------------------+ Best States ------------- Heat Dissipation 25 Energy Generation 10 Energy Capacity 125 Matter Stores 300 Matter Capacity 300 Sight Range 16 Terrain Scan Range 16 Terrain Scan Density 10 Evasion (%) 55 Recoil Reduction 2 Item Schematics ----------------- None Robot Schematics ------------------ G-34 Mercenary | -10/Materials | Hacked S-10 Pest | -10/Materials | Hacked Fabricated ------------ Nothing Repaired ---------- Nothing Studied --------- None Alien Tech Used ----------------- None Achievements -------------- None Challenges ------------ None Game ------ Seed ArcsightActuatorWyrmplate Manual? 0 Play Time 00:16:39 Cumulative 20.7 hours Start 2026.09.13 @ 14:12:54 End 2026.09.13 @ 14:29:28 Sessions 1 Manual Loads 0 Difficulty Rogue Special Mode None Game No. 41 Rogue 41 Adventurer 0 Explorer 0 Win Type - Total 0 Types 0/0/0/0/0/0/0/0/0/0 Lore% 32 Gallery% 18 Achievement% 16 Wizard Run 0 Options --------- Layout 2 ASCII 0 Keyboard 0 Movement Mouse Keybinds 0 Fullscreen 2 Font 24/Smallcaps Map View 50x44 Zoom Use 0% Tactical HUD 0 Map Filters NONE Filters NONE Steam 1 RUN: a815f604-81e8-435d-9583-897dc2675c47